 Dungeon Crawl Stone Soup version 0.30.0-18-gc0e69614cb (webtiles) character file.

Game seed: 4639268460948747336

12919 Adrian566 the Cleaver (level 11, -2/84 HPs)
             Began as a Demonspawn Fighter on May 14, 2023.
             Slain by a fire elemental (11 damage)
             ... summoned by a deep elf pyromancer
             ... on level 12 of the Dungeon on May 23, 2023.
             The game lasted 00:16:29 (12861 turns).

Adrian566 the Cleaver (Demonspawn Fighter)         Turns: 12861, Time: 00:16:29

Health: -2/84      AC: 25    Str: 20    XL:     11   Next: 68%
Magic:  11/11      EV:  9    Int: 11    God:
Gold:   847        SH: 11    Dex: 16    Spells: 10/10 levels left

rFire   . . .        a - +1 war axe (chaos)
rCold   . . .        E - +0 kite shield
rNeg    . . .        e - +0 plate armour
rPois   .            B - +0 helmet
rElec   .            j - +0 cloak
rCorr   .            f - +1 pair of gloves
SInv    .            v - +2 pair of boots
Will    .....        C - amulet of regeneration Stlth
                     A - ring of Utruc {Wiz Dex+4}
HPRegen 1.14/turn    y - +4 ring of protection
MPRegen 0.12/turn

%: wizardry (x1)
@: about to teleport
A: icemail 2, sturdy frame 2, condensation shield, weakness stinger 1
a: no special abilities


You were on level 12 of the Dungeon.
You visited 2 branches of the dungeon, and saw 14 of its levels.
You visited the Abyss 1 time.
You also visited: Ossuary.

You collected 961 gold pieces.
You spent 114 gold pieces at shops.

Inventory:

Hand Weapons
 a - a +1 war axe of chaos (weapon)
Missiles
 q - a throwing net
Armour
 e - a +0 plate armour (worn)
 f - a +1 pair of gloves (worn)
 j - a +0 cloak (worn)
 v - a +2 pair of boots (worn)
 B - a +0 helmet (worn)
 E - a +0 kite shield (worn)
Jewellery
 w - an amulet of faith
 y - a +4 ring of protection (right hand)
 A - the ring of Utruc (left hand) {Wiz Dex+4}
   (You took it off an orc wizard on level 9 of the Dungeon)

   [ring of wizardry]

   It improves your spell success rate.
   Dex:       It affects your dexterity (+4).
 C - an amulet of regeneration (around neck)
Wands
 g - a wand of iceblast (3)
 k - a wand of flame (6) (quivered)
 D - a wand of mindburst (10)
 G - a wand of paralysis (4)
Scrolls
 b - a scroll of enchant weapon
 c - a scroll of noise {unknown}
 d - 4 scrolls of identify
 h - a scroll of fog
 i - a scroll of teleportation
 l - 2 scrolls of fear
 s - a scroll of brand weapon
 F - a scroll of amnesia {unknown}
Potions
 m - 2 potions of attraction
 n - 4 potions of cancellation
 p - 4 potions of magic
 r - 7 potions of degeneration
 u - a potion of flight
 x - 4 potions of resistance
 z - 2 potions of mutation
 H - a potion of lignification {unknown}


   Skills:
 + Level 7.5 Fighting
 + Level 11.9 Axes
 + Level 7.0 Armour
 + Level 4.6 Dodging
 + Level 3.1 Stealth
 + Level 7.6 Shields


You had 10 spell levels left.
You didn't know any spells.
Your spell library contained the following spells:

 Spells                   Type           Power      Damage    Failure   Level
 Magic Dart               Conj           0%         1d3       86%         1
 Call Imp                 Summ           0%         N/A       94%         2
 Ensorcelled Hibernation  Hex/Ice        0%         N/A       94%         2
 Passwall                 Tmut/Erth      0%         N/A       94%         2
 Sublimation of Blood     Necr           0%         N/A       94%         2
 Mephitic Cloud           Conj/Pois/Air  0%         N/A       99%         3
 Spider Form              Tmut/Pois      0%         N/A       99%         3
 Swiftness                Air            0%         N/A       99%         3
 Anguish                  Hex/Necr       0%         N/A       100%        4
 Petrify                  Tmut/Erth      0%         N/A       100%        4
 Irradiate                Conj/Tmut      0%         3d11      100%        5
 Summon Forest            Summ/Tloc      0%         N/A       100%        5
 Summon Mana Viper        Hex/Summ       0%         N/A       100%        5
 Summon Cactus Giant      Summ           0%         N/A       100%        6


Dungeon Overview and Level Annotations

Branches:
Dungeon (13/15)            Temple (1/1) D:7         Ossuary (visited)
   Lair: D:8-11         Orc: D:9-12      Vaults: D:13-14

Altars:
Ashenzari
Cheibriados
Dithmenos
Fedhas
Gozag
Hepliaklqana
Kikubaaqudgha
Makhleb
Nemelex Xobeh
Okawaru
Qazlal
Ru
Sif Muna
Trog
Uskayaw
Vehumet
Wu Jian
Xom
Yredelemnul

Shops:
D:3 ?   D:7 [   D:10 :

Annotations:
D:4 3 runed translucent doors, booth's ghost, amateur DsRe
D:10 Snorg


Innate Abilities, Weirdness & Mutations

A meltable icy envelope protects you from harm. (AC +0)
Your movements are less encumbered by armour. (ER -4)
A meltable shield of frost defends you. (SH +0)
You have a small tail.


Message History

You block the fire elemental's attack.
Unknown command.
You closely miss the fire elemental. The fire elemental hits you.
The fire elemental burns you! The fire elemental barely misses you.
Unknown command.
You barely miss the fire elemental. You tail-slap the fire elemental.
The fire elemental is lightly damaged.
The fire elemental hits you. The fire elemental burns you!
* * * LOW HITPOINT WARNING * * *
The fire elemental hits you. The fire elemental burns you!
* * * LOW HITPOINT WARNING * * *
Unknown command.
As you read the scroll of fear, it crumbles to dust.
You assume a fearsome visage.
The deep elf pyromancer looks frightened!
The fire elemental is unaffected. x2; The fire elemental hits you.
The fire elemental burns you!
* * * LOW HITPOINT WARNING * * *
The deep elf pyromancer gestures wildly while chanting.
The deep elf pyromancer blinks!
The fire elemental hits you. The fire elemental burns you!
* * * LOW HITPOINT WARNING * * *
Blink to where?
Press: ? - help, Dir - move target
As you read the scroll of blinking, it crumbles to dust.
You feel better. The fire elemental hits you. The fire elemental burns you!
* * * LOW HITPOINT WARNING * * *
As you read the scroll of teleportation, it crumbles to dust.
You feel strangely unstable. You block the fire elemental's attack.
The fire elemental hits you. The fire elemental burns you!
* * * LOW HITPOINT WARNING * * *
You feel better. You block the fire elemental's attack.
The fire elemental hits you. The fire elemental burns you!
* * * LOW HITPOINT WARNING * * *
You feel better. You block the fire elemental's attack.
The fire elemental hits you. The fire elemental burns you!
* * * LOW HITPOINT WARNING * * *
The fire elemental hits you. The fire elemental burns you!
You die...

#. #...# ##.#.. #. #...#
#..#.. #. #...# #.###.
#.### #...# #[###[ #[..#
##..# #.##.. #...# ##.#
#.#..< #..>### #.#
###.#... #...E.######.#
#...#...
#..☼#○E@.....####.####..
#...########............
#...# #.####.######
#.#E# #.####.# #.#☼##
#......# #.#°.# ######.#
#.##○### #.# #. #!..#
### ###○#


You could see 2 fire elementals.

Vanquished Creatures
  Erolcha (D:10)
  3 two-headed ogres
  A tengu warrior (D:12)
  Pikel (D:3)
  An ugly thing (D:11)
  2 manticores
  Maurice (D:10)
  A gargoyle (D:10)
  A komodo dragon (D:11)
  3 trolls
  Grinder (D:3)
  2 vampires
  3 shadows
  A wyvern (D:9)
  Menkaure (D:7)
  An acid dragon (D:6)
  A water moccasin (D:9)
  Duvessa (D:6)
  Edmund (D:3)
  3 orc warriors
  2 ice beasts
  An ogre (D:5)
  9 centaurs
  A lemure (D:3)
  5 bullfrogs
  3 gnoll sergeants
  2 kobold brigands
  An elf zombie (D:8)
  4 scorpions
  9 wights
  Dowan (D:6)
  21 killer bees
  4 howler monkeys
  An electric eel (D:6)
  4 hounds
  2 jellies
  11 orc priests
  Terence (D:2)
  4 sleepcaps
  3 iguanas
  9 orc wizards
  9 mummies
  14 gnolls
  10 adders
  A shadow imp (Temple)
  A white imp (D:6)
  An ufetubus (D:5)
  2 worms
  3 dart slugs
  22 orcs
  7 ball pythons
  5 bats
  9 endoplasms
  3 giant cockroaches
  A gnoll zombie (Ossuary)
  10 goblins
  4 hobgoblins
  3 jackals (D:1)
  2 quokkas (D:2)
  A hobgoblin zombie (Ossuary)
  14 kobolds
  A kobold zombie (Ossuary)
  3 orc skeletons (D:8)
  7 orc zombies
  6 rats
267 creatures vanquished.

Vanquished Creatures (others)
  A shadow (D:11)
  An orc priest (D:10)
2 creatures vanquished.

Grand Total: 269 creatures vanquished

Notes
Turn   | Place    | Note
-------+----------+-------------------------------------------
     0 | D:1      | Adrian566 the Demonspawn Fighter began the quest for the
                  | Orb.
     0 | D:1      | Reached XP level 1. HP: 18/18 MP: 1/1
   101 | D:1      | Gained mutation: A meltable shield of frost defends you.
                  | (SH +0) [demonic ancestry]
   101 | D:1      | Reached XP level 2. HP: 10/24 MP: 2/2
   110 | D:1      | Reached skill level 2 in Axes
   781 | D:2      | Gained mutation: You have a small tail. [demonic ancestry]
   781 | D:2      | Reached XP level 3. HP: 16/29 MP: 3/3
   975 | D:2      | Noticed Terence
   988 | D:2      | Killed Terence
   989 | D:2      | Reached skill level 3 in Axes
  1240 | D:2      | Gained mutation: Your movements are slightly less
                  | encumbered by armour. (ER -2) [demonic ancestry]
  1240 | D:2      | Reached XP level 4. HP: 23/35 MP: 4/4
  1997 | D:3      | Found Tudulan's Magic Scroll Shop.
  2031 | D:3      | Bought a scroll of brand weapon for 114 gold pieces
  2160 | D:3      | Noticed Grinder
  2177 | D:3      | Paralysed by Grinder for 3 turns
  2186 | D:3      | Paralysed by Grinder for 4 turns
  2199 | D:3      | Killed Grinder
  2200 | D:3      | Reached skill level 4 in Axes
  2200 | D:3      | Gained mutation: A meltable icy envelope protects you from
                  | harm. (AC +0) [demonic ancestry]
  2200 | D:3      | Reached XP level 5. HP: 23/42 MP: 5/5
  2200 | D:3      | Gained mutation: Your movements are less encumbered by
                  | armour. (ER -4) [demonic ancestry]
  2200 | D:3      | Reached XP level 6. HP: 27/48 MP: 6/6
  2446 | D:4      | Noticed Edmund
  2457 | D:3      | Killed Edmund
  2458 | D:3      | Reached skill level 1 in Dodging
  2573 | D:4      | Noticed Pikel
  2585 | D:3      | Reached skill level 5 in Axes
  2620 | D:3      | HP: 3/72 [Pikel/+0 whip of freezing (1)]
  2623 | D:3      | Killed Pikel
  2624 | D:3      | Reached skill level 6 in Axes
  2624 | D:3      | Reached skill level 1 in Stealth
  2624 | D:3      | Reached XP level 7. HP: 5/55 MP: 7/7
  2821 | D:2      | Reached XP level 8. HP: 33/61 MP: 8/8
  3179 | D:4      | Found a runed translucent gate.
  3179 | D:4      | Found a runed translucent gate.
  3179 | D:4      | Found a runed translucent gate.
  3181 | D:4      | Found an opulent altar of Gozag.
  3182 | D:4      | Noticed a two-headed ogre
  3183 | D:4      | Noticed booth's ghost (amateur DsRe)
  3602 | D:5      | Entered Level 5 of the Dungeon
  3919 | D:5      | Noticed a two-headed ogre
  3927 | D:5      | Killed a two-headed ogre
  3928 | D:5      | Reached skill level 5 in Fighting
  3928 | D:5      | Reached skill level 8 in Axes
  3928 | D:5      | Reached XP level 9. HP: 45/68 MP: 9/9
  4340 | D:6      | Found a radiant altar of Vehumet.
  5435 | D:6      | Noticed Duvessa
  5436 | D:6      | Noticed Dowan
  5448 | D:6      | Killed Duvessa
  5449 | D:6      | Reached skill level 9 in Axes
  5456 | D:6      | Killed Dowan
  5694 | D:6      | Reached skill level 5 in Armour
  5865 | D:7      | Found Iqetiopo's Armour Emporium.
  5971 | D:7      | HP: 1/69 [killer bee (4)]
  6195 | D:7      | Found a staircase to the Ecumenical Temple.
  6209 | Temple   | Entered the Ecumenical Temple
  6224 | Temple   | Reached skill level 5 in Shields
  6714 | D:7      | Noticed Menkaure
  6956 | D:7      | Killed Menkaure
  7107 | D:7      | Found a sparkling altar of Nemelex Xobeh.
  7321 | D:7      | Gained mutation: A meltable icy envelope protects you from
                  | harm. (AC +0) [demonic ancestry]
  7321 | D:7      | Reached XP level 10. HP: 57/76 MP: 10/10
  7544 | D:7      | Found a hazy altar of Hepliaklqana.
  7859 | D:8      | Found a sand-covered staircase.
  7879 | Ossuary  | Entered an ossuary
  8072 | D:8      | Upgraded the game from 0.30.0-10-gfe55d96785 to
                  | 0.30.0-18-gc0e69614cb
  8183 | D:8      | Found a shimmering altar of Xom.
  8317 | D:8      | Found an iron altar of Okawaru.
  8323 | D:8      | Found a stormy altar of Qazlal.
  8326 | D:8      | Found a hide-covered altar of Uskayaw.
  8326 | D:8      | Found a blossoming altar of Fedhas.
  8575 | D:8      | Found a snail-covered altar of Cheibriados.
  8795 | D:8      | Reached skill level 10 in Axes
  9220 | D:9      | Identified the ring of Utruc {Wiz Dex+4}
  9869 | D:9      | Noticed a two-headed ogre
  9880 | D:9      | Killed a two-headed ogre
 10177 | D:10     | Entered Level 10 of the Dungeon
 10247 | D:10     | Noticed Maurice
 10263 | D:10     | Reached skill level 11 in Axes
 10278 | D:10     | Killed Maurice
 10297 | D:10     | Noticed a gargoyle
 10310 | D:10     | Killed a gargoyle
 10311 | D:10     | Reached XP level 11. HP: 41/83 MP: 11/11
 10457 | D:10     | Noticed Erolcha
 10464 | Abyss:2  | Cast into level 2 of the Abyss (Erolcha)
 10521 | Abyss:2  | Noticed a starcursed mass
 10790 | D:10     | Escaped the Abyss
 10828 | D:10     | Killed Erolcha
 10998 | D:10     | Found Rainiy's Book Shop.
 11668 | D:11     | Noticed a green ugly thing
 11801 | D:11     | Killed a green ugly thing
 11837 | D:11     | Noticed Snorg
 12340 | D:11     | You fall into a shaft and drop 2 floors!
 12343 | D:13     | Noticed a rakshasa
 12343 | D:13     | Noticed a tengu warrior
 12385 | D:12     | Noticed a two-headed ogre
 12586 | D:12     | Killed a tengu warrior
 12613 | D:12     | Killed a two-headed ogre
 12683 | D:12     | Identified the +5 flail of Gaunetui {freeze, rF++}
 12839 | D:12     | Noticed a deep elf pyromancer
 12844 | D:12     | Paralysed by a deep elf pyromancer for 4 turns
 12851 | D:12     | HP: 1/84 [fire elemental[a deep elf pyromancer] (4)]
 12858 | D:12     | HP: 2/84 [fire elemental[a deep elf pyromancer] (5)]
 12861 | D:12     | Slain by a fire elemental

Illustrated notes

Levels and vault maps discovered:
D:1:      dpeg_arrival_shelter, layout_rooms, nicolae_wormholes
D:2:      layout_basic, uniq_terence
D:3:      layout_basic, serial_shops, shop, uniq_grinder
D:4:      layout_cave_pools, ebering_ghost_gozag, uniq_edmund, uniq_pikel
D:5:      layout_cave_pods
D:6:      cheibrodos_helix_gallery, layout_loops_ring, general_overflow_altar,
          st_stairs_13, hangedman_abyss_or_decor_passed,
          kennysheep_generic_room_7, uniq_duvessa
D:7:      layout_basic, nzn_hepliaklqana_mist_gate, overflow_temple_1_default,
          minmay_temple_entry_glass, serial_shops,
          nicolae_shop_just_a_little_nook, uniq_menkaure
D:8:      layout_rooms, nicolae_overflow_hallway_of_the_gods,
          amcnicky_altar_gilded, slow_altar_2, nicolae_ossuary_entry_catacombs,
          chequers_serial_rivers_small_3
D:9:      minmay_razor_zed, layout_basic, kennysheep_small_spiral
D:10:     layout_cave_pools, serial_shops, nicolae_book_shop_shelving,
          kennysheep_path_1, uniq_erolcha, uniq_maurice
D:11:     layout_rooms, erik_lair_dragon, uniq_snorg
D:12:     layout_rooms, orc_0_dummy
D:13:     layout_small_grid, skrybe_vaults_entry_preservation, lightli_minifort
Temple:   nicolae_temple_hex_pool

Skill      XL: |  1  2  3  4  5  6  7  8  9 10 11 |
---------------+----------------------------------+-----
Axes           | 2 3 4 6 8 9 11 | 11.9
Shields        | 3 4 5 6 7 |  7.6
Armour         | 3 4 5 6 7 |  7.0
Dodging        | 2 3 4 |  4.6
Fighting       | 4 5 6 7 |  7.5
Stealth        | 1 2 3 |  3.1

Action                     |  1- 3 |  4- 6 |  7- 9 | 10-12 || total
---------------------------+-------+-------+-------+-------++-------
  Melee: War axe           |    99 |   112 |   330 |   659 ||  1200
         Tailslap          |     6 |     9 |    34 |   119 ||   168
  Evoke: Wand              |       |       |     1 |       ||     1
    Use: Scroll            |     2 |     9 |     5 |    18 ||    34
         Potion            |       |     5 |     5 |    12 ||    22
   Stab: Invisible         |       |       |       |    12 ||    12
         Paralysed         |       |       |       |     4 ||     4
 Armour: Scale mail        |    51 |    54 |    48 |       ||   153
         Plate armour      |       |       |   168 |   558 ||   726
  Dodge: Dodged            |    37 |    50 |   172 |   300 ||   559
  Block: Buckler           |    47 |    63 |   170 |   243 ||   523
         Kite shield       |       |       |       |   277 ||   277
